Map: Oceanborn LE

Players

Kelazhur - Winner!

  • Race: Terran Terran
  • League: Master
  • Spawn Location: 11:00

ForJumyyyy (ForJumy)

  • Race: Protoss Protoss
  • League: Master
  • Spawn Location: 5:00

Event: HomeStory Cup XXV

VOD

Have the link to the VOD?

Description

Time

  • Played on: June 22, 2024, 10:04 a.m.
  • Length: 15:40

All games in this series

Show
View Real Time Build Order
Export as new Build Order

Kelazhur Terran - Winner!

Build Orders: Cyclone Opening 

Get SALT Encoding   

  12  0:00  SCV  
  13  0:12  SCV  
  14  0:17  Supply Depot  
  14  0:24  SCV  
  15  0:38  SCV  
  15  0:40  Barracks  
  16  0:45  Refinery  
  16  0:50  SCV  
  17  1:02  SCV  
  17  1:03  Engineering Bay  
  18  1:14  SCV  
  19  1:32  Orbital Command, Marine  
  20  1:41  Supply Depot  
  20  1:49  Factory  
  20  1:58  SCV  
  21  2:04  Barracks Reactor  
  21  2:10  SCV  
  21  2:15  Command Center  
  22  2:22  SCV  
  23  2:26  Refinery  
  23  2:33  Cyclone  
  23  2:34  SCV  
  26  2:38  Supply Depot  
  26  2:41  Marine x2  
  28  2:47  SCV  
  29  2:59  Marine x2  
  29  3:03  SCV  
  32  3:08  Cyclone  
  34  3:13  Starport  
  34  3:15  SCV  
  34  3:16  Marine  
  34  3:17  Marine  
  37  3:27  SCV  
  38  3:34  Marine  
  38  3:35  Marine  
  38  3:39  SCV  
  41  3:42  Widow Mine  
  41  3:46  Orbital Command  
  43  3:49  Medivac  
  43  3:51  SCV  
  43  3:55  Supply Depot  
  46  3:57  Marine  
  46  3:59  Marine  
  48  4:03  SCV, Widow Mine  
  51  4:11  SCV  
  51  4:15  SCV  
  53  4:18  Marine x2  
  53  4:23  Supply Depot  
  53  4:24  SCV  
  56  4:25  Factory Tech Lab  
  56  4:27  Starport Tech Lab  
  56  4:28  SCV  
  57  4:35  Barracks  
  57  4:36  SCV  
  58  4:38  Barracks  
  58  4:40  SCV  
  58  4:45  Siege Tank  
  62  4:48  Raven  
  62  4:50  SCV  
  65  4:53  Marine x2  
  65  4:58  Supply Depot  
  67  5:02  SCV x2  
  69  5:13  Marine  
  70  5:19  Bunker  
  70  5:20  SCV x2, Marine  
  73  5:21  Supply Depot, Siege Tank  
  73  5:24  Refinery  
  76  5:32  SCV  
  76  5:33  SCV  
  49  5:42  Marine, Stimpack  
  78  5:47  Supply Depot, SCV  
  78  5:49  Marine, Engineering Bay  
  81  5:51  Marine, Starport Reactor  
  81  5:52  SCV  
  83  5:59  Supply Depot, SCV  
  83  6:00  Combat Shield, Marine  
  83  6:04  Refinery  
  85  6:05  Marine  
  85  6:10  SCV  
  83  6:11  SCV, Marine  
  83  6:12  Marine  
  83  6:13  Factory Reactor  
  86  6:19  Marine  
  86  6:22  Terran Infantry Weapons Level 1, SCV  
  86  6:23  SCV  
  86  6:25  Marine  
  90  6:30  Command Center, Medivac x2  
  90  6:32  Marine x2  
  94  6:34  SCV  
  94  6:36  SCV  
  94  6:39  Marine  
  99  6:43  Marine  
  99  6:46  SCV  
  101  6:50  Marine  
  102  6:55  Supply Depot, Barracks  
  102  6:56  Supply Depot, Barracks  
  102  7:05  SCV  
  102  7:17  SCV x2, Marine x2, Viking x2  
  110  7:23  Marine x2  
  110  7:24  Widow Mine x2  
  110  7:29  SCV  
  117  7:35  Marine, Armory  
  118  7:37  Engineering Bay  
  118  7:38  Missile Turret  
  118  7:41  Marine x2, Missile Turret  
  118  7:42  Marauder  
  122  7:45  Widow Mine x2  
  122  7:49  Barracks Tech Lab, Medivac, Barracks Reactor  
  122  7:50  Supply Depot, Medivac  
  127  7:52  SCV x2  
  127  7:53  Marine  
  130  8:03  Marauder  
  130  8:04  SCV  
  133  8:06  Marine  
  131  8:19  Medivac  
  127  8:20  Medivac  
  127  8:23  Marauder  
  127  8:26  Orbital Command, Widow Mine x2  
  133  8:27  SCV x2  
  133  8:28  Terran Infantry Weapons Level 2  
  133  8:31  Marine x2, Marauder x2  
  141  8:37  Marine x2  
  135  8:47  SCV x2  
  135  8:51  Marauder  
  135  8:52  Ghost Academy  
  137  9:02  Marauder  
  135  9:03  Widow Mine x2  
  135  9:04  Marauder  
  135  9:09  Marine, Medivac x2  
  141  9:11  Marine  
  141  9:13  Marine x3  
  141  9:16  SCV  
  135  9:19  Supply Depot x2  
  135  9:24  Marine, Marauder  
  126  9:25  Widow Mine x2  
  126  9:27  Marine  
  130  9:31  Marauder  
  130  9:34  Marine  
  130  9:35  SCV, Marine  
  130  9:38  Marine  
  127  9:42  Marine  
  127  9:44  Marine  
  127  9:45  Marine  
  119  9:52  Marine  
  118  9:53  Marine, Marauder  
  118  9:55  SCV, Marine  
  121  10:00  Marine  
  121  10:02  Marine  
  121  10:03  Marine, Widow Mine x2  
  121  10:06  Medivac  
  130  10:08  Medivac  
  130  10:09  Marine  
  130  10:12  SCV x3  
  136  10:20  Supply Depot, Marauder  
  138  10:21  Ghost  
  138  10:22  Missile Turret  
  138  10:25  Ghost  
  132  10:41  Ghost  
  127  10:50  Ghost  
  127  10:53  Ghost  
  129  11:01  Orbital Command  
  129  11:02  Marine  
  129  11:03  Marine  
  124  11:06  Marine  
  124  11:07  Marine  
  124  11:09  Ghost  
  123  11:13  SCV x2  
  125  11:18  Ghost, Terran Infantry Weapons Level 3  
  125  11:20  Marine x2  
  125  11:23  Marauder  
  125  11:24  Marine  
  125  11:25  Marine  
  133  11:38  Marine x2, Ghost  
  137  11:41  Marine  
  137  11:42  Concussive Shells, Widow Mine x2  
  137  11:44  Marine, Marauder  
  145  11:48  Marauder  
  130  12:01  Marine  
  130  12:02  Marine  
  130  12:03  Widow Mine x2  
  130  12:05  Ghost  
  130  12:08  Medivac  
  140  12:11  Marine x2, Marauder  
  142  12:21  Marine x2  
  142  12:22  Marauder  
  146  12:24  Widow Mine  
  146  12:28  SCV x3  
  146  12:29  Marine, Refinery x2  
  152  12:31  Command Center  
  152  12:33  Marauder  
  152  12:34  Supply Depot  
  152  12:35  Barracks x3  
  147  12:40  SCV  
  145  12:45  Supply Depot, Marauder x2  
  145  12:46  Marine  
  145  12:47  Supply Depot x2  
  145  12:49  Supply Depot  
  150  12:54  Marauder  
  134  13:10  Marauder x2  
  114  13:14  Marine  
  114  13:15  Marine x3, Widow Mine x2  
  114  13:16  Marauder  
  114  13:17  Liberator  
  121  13:20  Liberator  
  124  13:28  Barracks Tech Lab x2  
  124  13:29  Barracks Tech Lab, Missile Turret  
  124  13:31  Marine, Marauder x2  
  124  13:32  Marine  
  130  13:43  Marine x2, Ghost  
  130  13:48  Widow Mine x2  
  138  13:50  Marauder  
  138  13:51  Marine x2  
  138  13:54  Ghost  
  138  13:55  Ghost  
  146  13:56  Marine  
  147  14:03  SCV  
  147  14:04  SCV x2  
  150  14:11  Marine x4  
  150  14:14  Planetary Fortress  
  150  14:16  SCV  
  155  14:19  Missile Turret  
  155  14:26  Marauder x2  
  159  14:36  Marine  
  159  14:37  Marauder  
  159  14:40  SCV x3  
  159  14:41  Marine  
  159  14:42  Marine, Marauder x2  
  168  14:45  Marine  
  168  14:46  Marine, Marauder  
  168  14:49  Marauder  
  168  14:52  SCV x2  
  176  14:58  Marauder  
  178  15:04  Marine x2, Marauder  
  178  15:05  Marine  
  189  15:16  Marauder x2  
  189  15:21  Marine  
Show
View Real Time Build Order
Export as new Build Order

ForJumyyyy Protoss 

Build Orders: Zealot Archon 

Get SALT Encoding   

  12  0:00  Probe  
  13  0:12  Probe  
  14  0:17  Pylon  
  14  0:24  Probe  
  15  0:35  Gateway  
  15  0:38  Probe (Chrono Boost)  
  16  0:46  Probe (Chrono Boost)  
  16  0:47  Assimilator  
  17  0:52  Probe  
  18  1:04  Probe  
  19  1:16  Probe  
  20  1:22  Cybernetics Core  
  20  1:30  Zealot  
  20  1:31  Probe  
  23  1:37  Pylon  
  23  1:55  Probe  
  23  1:57  Adept (Chrono Boost)  
  23  2:00  Warp Gate  
  26  2:07  Probe  
  27  2:19  Nexus  
  26  2:25  Adept  
  26  2:28  Probe  
  29  2:34  Assimilator  
  29  2:40  Probe  
  30  2:50  Twilight Council  
  30  2:53  Probe  
  31  3:13  Stalker  
  31  3:17  Gateway  
  31  3:21  Shield Battery  
  31  3:30  Probe x2 (Chrono Boost)  
  31  3:33  Robotics Facility  
  33  3:40  Probe x2 (Chrono Boost)  
  35  3:43  Gateway  
  35  3:46  Probe x2 (Chrono Boost)  
  37  3:49  Charge (Chrono Boost)  
  37  3:57  Stalker  
  41  4:02  Probe (Chrono Boost)  
  41  4:04  Probe (Chrono Boost)  
  41  4:08  Probe  
  41  4:12  Probe, Pylon  
  41  4:16  Warp Prism (Chrono Boost)  
  43  4:21  Probe  
  46  4:30  Zealot x2, Probe  
  51  4:34  Pylon  
  51  4:36  Probe  
  52  4:38  Zealot  
  54  4:52  Probe  
  53  4:54  Zealot  
  53  4:56  Probe  
  53  4:57  Pylon  
  55  5:00  Observer  
  55  5:04  Probe  
  57  5:08  Probe  
  58  5:16  Probe  
  58  5:19  Nexus  
  58  5:20  Probe  
  57  5:29  Probe  
  57  5:32  Zealot x3  
  57  5:33  Probe  
  65  5:41  Probe  
  65  5:42  Templar Archives  
  60  5:45  Probe  
  60  5:47  Pylon  
  61  5:52  Assimilator  
  61  5:53  Assimilator, Probe  
  61  5:56  Forge  
  63  5:57  Observer, Probe  
  63  5:59  Psionic Storm  
  63  6:05  Probe  
  63  6:09  Probe  
  65  6:11  Pylon  
  66  6:20  Probe (Chrono Boost)  
  66  6:21  Probe (Chrono Boost), High Templar x2  
  71  6:26  Protoss Ground Armor Level 1 (Chrono Boost)  
  71  6:31  Probe (Chrono Boost)  
  74  6:34  Probe (Chrono Boost)  
  74  6:35  Probe (Chrono Boost)  
  74  6:36  Observer  
  75  6:40  Gateway x2  
  75  6:43  Gateway, Probe x2 (Chrono Boost)  
  75  6:44  High Templar  
  75  6:45  Probe (Chrono Boost)  
  79  6:50  Gateway  
  79  6:51  Gateway  
  79  6:58  Gateway  
  79  7:01  Immortal (Chrono Boost)  
  82  7:09  Zealot x2  
  82  7:14  Probe x2  
  88  7:17  Shield Battery, Probe  
  88  7:20  High Templar, Pylon  
  91  7:26  Probe  
  92  7:30  Pylon  
  92  7:32  Zealot  
  92  7:33  Zealot, Immortal (Chrono Boost)  
  92  7:37  Probe, Pylon  
  100  7:41  High Templar x2  
  103  7:46  Pylon  
  103  7:47  Zealot x2, Archon  
  99  7:53  Assimilator, Zealot  
  99  7:54  Assimilator  
  99  7:56  Probe  
  102  8:02  Zealot x2  
  102  8:03  Warp Prism (Chrono Boost)  
  93  8:12  Zealot  
  93  8:13  Zealot x3  
  93  8:18  Zealot x3  
  99  8:24  Protoss Ground Armor Level 2 (Chrono Boost), Probe  
  99  8:25  Probe  
  97  8:30  High Templar x2  
  101  8:35  Archon, High Templar  
  101  8:36  Zealot x3  
  105  8:52  Stalker x2  
  105  8:53  Zealot  
  105  8:54  Probe  
  112  8:58  Immortal  
  112  8:59  Zealot x2  
  120  9:03  Zealot x2  
  114  9:10  Archon  
  114  9:12  Archon  
  114  9:13  Zealot x3  
  118  9:18  Zealot x2  
  114  9:25  High Templar x2  
  114  9:26  High Templar  
  120  9:33  Zealot  
  120  9:37  Zealot x2  
  124  9:40  Warp Prism (Chrono Boost), Pylon  
  124  9:42  Pylon x3  
  106  9:49  Blink (Chrono Boost)  
  106  9:52  High Templar x3  
  106  9:53  Nexus  
  106  9:56  Archon  
  106  10:00  Zealot, Stalker x2  
  106  10:04  Zealot x2  
  106  10:06  Pylon  
  114  10:08  Zealot  
  114  10:13  Probe  
  117  10:18  Observer  
  118  10:22  Zealot x3  
  118  10:23  Zealot x2  
  118  10:24  Zealot  
  118  10:25  High Templar x2  
  134  10:29  Archon  
  128  10:37  Archon  
  128  10:40  Zealot x3  
  134  10:43  Zealot x3  
  134  10:45  Protoss Ground Armor Level 3 (Chrono Boost)  
  134  10:49  Zealot  
  130  10:59  Immortal  
  130  11:00  Probe  
  118  11:04  Zealot x5  
  118  11:10  Stalker  
  128  11:16  Probe  
  128  11:21  Stalker x2  
  130  11:30  Robotics Bay  
  130  11:36  Zealot, High Templar x2  
  130  11:37  Zealot x4  
  142  11:42  Archon  
  142  11:50  Warp Prism (Chrono Boost)  
  134  11:55  Probe x2  
  134  12:00  High Templar  
  134  12:01  High Templar x3  
  138  12:05  Archon, Pylon  
  138  12:06  Archon  
  141  12:10  Zealot x4  
  141  12:13  Probe  
  144  12:17  Warp Prism (Chrono Boost)  
  146  12:28  Stalker  
  147  12:33  Zealot x3  
  151  12:40  Zealot x2  
  155  12:45  Disruptor (Chrono Boost)  
  155  12:47  Zealot x3  
  165  12:55  Zealot x2  
  167  12:59  Zealot x2  
  151  13:06  Zealot x2  
  117  13:18  High Templar, Protoss Ground Weapons Level 1 (Chrono Boost)  
  117  13:19  High Templar x4  
  114  13:21  Disruptor (Chrono Boost)  
  114  13:26  Probe x3  
  117  13:33  Probe  
  118  13:38  Probe  
  119  13:41  Disruptor (Chrono Boost)  
  119  13:48  Probe  
  124  13:50  Robotics Facility, Pylon  
  120  13:56  Zealot  
  120  13:58  Zealot x4  
  130  14:03  High Templar x2  
  130  14:05  Probe  
  130  14:07  Disruptor (Chrono Boost), Archon  
  139  14:15  Nexus  
  139  14:17  Probe  
  139  14:19  Stalker x2  
  139  14:23  Zealot  
  146  14:30  Zealot  
  148  14:32  Assimilator  
  148  14:34  Stalker x2  
  148  14:35  Observer (Chrono Boost)  
  153  14:39  Disruptor  
  155  14:46  Stalker x3  
  155  14:48  Probe x2  
  154  15:04  Stalker x2  
  154  15:05  Stalker  
  159  15:07  Zealot  
  159  15:10  Observer  
  151  15:14  Probe  
  151  15:15  Probe x2  
  151  15:23  High Templar x2  
Tags
 
Add a new tag
Caveats
  • Supply blocks, unpowered buildings, or Contaminate may cause inaccurate times.
  • Supply counts are checked every 10 seconds.